 Dungeon Crawl Stone Soup version 0.31-a0-479-g91c9547826 (webtiles) character file.

Game seed: 5112758184857407325

72 Ethylacetat the Chopper (level 4, -2/24 HPs)
             Began as a Vine Stalker Monk on Aug 7, 2023.
             Succumbed to Crazy Yiuf's poison
             ... on level 2 of the Dungeon.
             The game lasted 00:01:44 (1725 turns).

Ethylacetat the Chopper (Vine Stalker Monk)         Turns: 1725, Time: 00:01:45

Health: -2/24      AC:  2    Str: 16    XL:     4   Next: 26%
Magic:  0/7        EV: 12    Int: 10    God:
Gold:   112        SH:  0    Dex: 16    Spells: 5/5 levels left

rFire   . . .        a - +0 hand axe
rCold   . . .        d - orb {light}
rNeg    + . .        b - +0 robe
rPois   .            (no helmet)
rElec   .            (no cloak)
rCorr   .            (no gloves)
SInv    .            (no boots)
Will    .....        (no amulet)
Stlth   +            k - ring of positive energy
HPRegen 1.04/turn    (no ring)
MPRegen 0.10/turn

%: guardian spirit
@: lethally poisoned (-2 -> -11), attractive, glowing
A: fangs 2, regeneration 1, magic shield, antimagic bite, no potion heal 2
a: no special abilities


You were on level 2 of the Dungeon.
You visited 1 branch of the dungeon, and saw 2 of its levels.

You collected 112 gold pieces.

Inventory:

Hand Weapons
 a - a +0 hand axe (weapon)
Armour
 b - a +0 robe (worn)
 d - an orb of light (worn)
Jewellery
 k - a ring of positive energy (left hand)
Wands
 h - a wand of acid (10)
Scrolls
 e - a scroll of vulnerability {unknown}
 g - 3 scrolls of identify {unknown}
Potions
 c - a potion of ambrosia
 f - a potion of curing {unknown}
 i - a potion of attraction
 j - a potion of magic {unknown}
 l - a potion of heal wounds {unknown}


   Skills:
 + Level 3.2 Fighting
 * Level 3.7 Axes
 - Level 2.5 Dodging
 + Level 1.3 Spellcasting


You had 5 spell levels left.
You didn't know any spells.
Your spell library contained the following spells:

 Spells                   Type           Power      Damage    Failure   Level
 Frozen Ramparts          Ice            0%         1d1       69%         3
 Olgreb's Toxic Radiance  Pois           0%         N/A       97%         4
 Petrify                  Tmut/Erth      0%         N/A       97%         4
 Alistair's Intoxication  Tmut/Pois      0%         N/A       100%        5
 Borgnjor's Vile Clutch   Necr/Erth      0%         N/A       100%        5
 Metabolic Englaciation   Hex/Ice        0%         N/A       100%        5
 Eringya's Noxious Bog    Tmut/Pois      0%         4d6       100%        6
 Discord                  Hex            0%         N/A       100%        8
 Ignition                 Fire           0%         3d3       100%        8


Dungeon Overview and Level Annotations

Branches:
Dungeon (2/15)

Altars:

Annotations:
D:2 Crazy Yiuf


Innate Abilities, Weirdness & Mutations

You have extremely sharp teeth.
Your natural rate of healing is unusually fast.
When hurt, damage is shared between your health and your magic reserves.
Your bite disrupts and absorbs the magic of your enemies.
Potions cannot restore your health.


Message History

You see here an orange potion.
You barely miss the kobold. The kobold hits you but does no damage.
You hit the kobold.
You kill the kobold!
No target in view!
You pick up a book of Sloth and begin reading...
You add the spells Frozen Ramparts, Petrify and Metabolic Englaciation to your library.
l - an orange potion
There is a stone staircase leading up here.
Things that are here:
a +0 war axe; an orc skeleton Crazy Yiuf yells, "Mugger Xom mumblescurry!"
Could not explore, unopened runed door.
You open the door.
Crazy Yiuf twirls on the spot.
You hit Crazy Yiuf but do no damage. You bite Crazy Yiuf, but do no damage.
Crazy Yiuf hits you with a +2 quarterstaff of chaos!
You are poisoned.
Unknown command.
You hit Crazy Yiuf. You bite Crazy Yiuf, but do no damage.
Crazy Yiuf is moderately wounded.
You feel very sick. Crazy Yiuf barely misses you.
Unknown command.
You hit Crazy Yiuf. You bite Crazy Yiuf, but do no damage.
Crazy Yiuf is heavily wounded.
You feel sick.
Crazy Yiuf hits you with a +2 quarterstaff of chaos.
Crazy Yiuf freezes you.
Unknown command.
You hit Crazy Yiuf.
Crazy Yiuf is severely wounded.
You feel sick.
Crazy Yiuf hits you with a +2 quarterstaff of chaos!
* * * LOW HITPOINT WARNING * * *
You are more poisoned.
Unknown command.
It was a potion of attraction.
You feel attractive to monsters.
You die...

....#
#....##...............<.
.÷..#
#.###########...........
.###### #.# #...........
)#....# #.# #####
#........### ......# ###
#)..# #........# ......#
#...# ########## ......#
... .#....# #g# ......##
♣@♣♣ .......# ♣♣.♣
.......# ♣.♣♣ #......#
♣♣.♣ #......# ♣♣.♣♣
#......# ♣♣...♣
#......#### ♣....♣
######....## #+..+# #
####..####....# #


You could see Crazy Yiuf.

Vanquished Creatures
  A gnoll (D:1)
  An adder (D:2)
  A worm (D:2)
  A dart slug (D:1)
  An orc (D:2)
  5 endoplasms
  2 giant cockroaches (D:2)
  4 goblins
  7 hobgoblins
  2 jackals (D:2)
  3 kobolds
  A quokka (D:1)
  4 ball pythons
  4 bats
  A frilled lizard (D:2)
  5 rats
43 creatures vanquished.

Notes
Turn   | Place    | Note
-------+----------+-------------------------------------------
     0 | D:1      | Ethylacetat the Vine Stalker Monk began the quest for the
                  | Orb.
     0 | D:1      | Reached XP level 1. HP: 11/11 MP: 2/2
   119 | D:1      | Found a faded altar of an unknown god.
   177 | D:1      | Reached XP level 2. HP: 16/16 MP: 3/3
   459 | D:1      | Reached XP level 3. HP: 11/20 MP: 2/5
  1279 | D:2      | Reached skill level 1 in Spellcasting
  1373 | D:2      | Gained mutation: Your natural rate of healing is unusually
                  | fast. [Vine Stalker growth]
  1373 | D:2      | Reached XP level 4. HP: 17/24 MP: 4/6
  1508 | D:2      | Found a runed translucent door.
  1509 | D:2      | Noticed Crazy Yiuf
  1724 | D:2      | HP: 1/24 [Crazy Yiuf/+2 quarterstaff of chaos (6)]
  1725 | D:2      | Succumbed to Crazy Yiuf's poison

Illustrated notes

Levels and vault maps discovered:
D:1:      minmay_arrival_three_doors, layout_basic,
          hellmonk_ecumenical_altar_lost_god, minmay_gold_behind_fungi
D:2:      layout_basic, uniq_crazy_yiuf_cottage

Skill      XL: |  1  2  3 |
---------------+----------+-----
Axes           | 3 |  3.7
Fighting       | 3 |  3.2
Spellcasting   | 1 |  1.3
Dodging        | |  2.5

Action                     |  1- 3 |  4- 6 || total
---------------------------+-------+-------++-------
  Melee: Hand axe          |    62 |    16 ||    78
         Bite              |    18 |     7 ||    25
    Use: Potion            |       |     1 ||     1
 Armour: Robe              |    13 |     1 ||    14
  Dodge: Dodged            |    41 |     6 ||    47

Table legend: (Time is in decaauts)
 A = Elapsed time spent in this place.
 B = Non-inter-level travel time spent in this place.
 C = Inter-level travel time spent in this place.
 D = Time resting spent in this place.
 E = Time spent auto-exploring this place.
 F = Levels seen in this place.
 G = Mean time per level.
                   A        B        C        D        E       F      G
               +--------+--------+--------+--------+--------+-----+--------+
         Total |   1733 |   1681 |     52 |      0 |   1456 |   2 |  866.5 |
       Dungeon |   1733 |   1681 |     52 |      0 |   1456 |   2 |  866.5 |
               +--------+--------+--------+--------+--------+-----+--------+

Top non-repeatable levels by time:
     D:1: 1038 daAuts
     D:2: 695 daAuts
